 Dungeon Sprint DCSS version 0.21-a0-41-g5e91fef (webtiles) character file.

166 Kidiri the Thaumaturge (level 5, -7/32 HPs)
             Began as a Deep Elf Fire Elementalist on June 3, 2017.
             Was an Initiate of Vehumet.
             Collided with a stone wall (14 damage)
             ... caused by a deep elf mage
             ... in the Dungeon (Sprint III: "The Ten Rune Challenge").
             The game lasted 00:03:39 (469 turns).

Kidiri the Thaumaturge (Deep Elf Fire Elementalist)  Turns: 469, Time: 00:03:40

Health: -7/32      AC:  3    Str:  5    XL:     5   Next: 22%
Magic:  13/17      EV: 15    Int: 21    God:    Vehumet [......]
Gold:   34         SH:  0    Dex: 15    Spells: 2/20 levels left

rFire    + . .     SeeInvis .   n - +0 dagger
rCold    . . .     Gourm    .   (no shield)
rNeg     . . .     Faith    .   j - +2 robe {rF+}
rPois    .         Spirit   .   (no helmet)
rElec    .         Reflect  .   (no cloak)
rCorr    .         Harm     .   (no gloves)
MR       .....     Clarity  +   (no boots) Stlth ++........NoTele +
                                (no amulet)
Regen    0.1/turn               (no ring)
MPRegen  0.2/turn               (no ring)

@: no status effects
A: clarity, deformed body, evolution 1
a: Renounce Religion


You were in the Dungeon.
You worshipped Vehumet.
Vehumet was noncommittal.
You were not hungry.

You visited 1 branch You collected 34 gold pieces.

Inventory:

Hand Weapons
 n - a +0 dagger (weapon)
Armour
 j - a +2 robe of fire resistance (worn)
Scrolls
 i - a scroll of blinking
 m - a scroll of immolation
 q - a scroll of holy word {unknown}
 r - a scroll of enchant armour {unknown}
Potions
 e - 3 potions of heal wounds
 f - a potion of haste
 g - a potion of magic
 h - a potion of berserk rage
 l - 2 potions of mutation
 s - a potion of flight
Comestibles
 c - 2 bread rations
 d - 4 chunks of flesh
 k - a meat ration
 p - a royal jelly


   Skills:
 + Level 3.0 Fighting
 + Level 0.0 Short Blades
 + Level 3.1 Armour
 + Level 5.3 Dodging
 - Level 2.4 Stealth
 * Level 8.0 Spellcasting
 + Level 4.4 Conjurations
 + Level 5.4 Fire Magic


You had 2 spell levels left.
You knew the following spells:

 Your Spells              Type           Power        Failure   Level  Hunger
a - Flame Tongue          Conj/Fire      ####.        1%          1    None
b - Throw Flame           Conj/Fire      ####..       1%          2    None
c - Conjure Flame         Conj/Fire      ####....     3%          3    None
d - Inner Flame           Hex/Fire       ###.....     8%          3    None
e - Sticky Flame          Conj/Fire      ####....     11%         4    ###....
f - Fireball              Conj/Fire      ####......   28%         5    #####..


Dungeon Overview and Level Annotations

Branches:
Dungeon (1/1)

Altars:
Elyvilon
Kikubaaqudgha
Sif Muna
Vehumet
Zin
The Shining One


Innate Abilities, Weirdness & Mutations

You possess an exceptional clarity of mind.
Armour fits poorly on your strangely shaped body.
You evolve.


Message History

Found a glowing silver altar of Zin.
A deep elf mage comes into view.
It is wielding a long sword of holy wrath.
Found two altars.
There is an open door here.
Casting: Flame Tongue
Confirm with . or Enter, or press ? or * to list all spells.
Aiming: Sticky Flame
Press: ? - help, Shift-Dir - straight line, f - deep elf mage
Aim: a deep elf mage, wielding a long sword of holy wrath The sticky flame hits the deep elf mage.
The deep elf mage is lightly wounded.
The deep elf mage is covered in liquid flames!
The deep elf mage burns!
The deep elf mage points at you and mumbles some strange words.
The lance of force hits you!
Ouch! That really hurt!
* * * LOW HITPOINT WARNING * * *
You are knocked back by the lance of force.
You slam into the stone wall!
You die...

▓▓ ▓▓▓ *** ******* .####
##.#####*******,***,**,*,
....#####..#___#___*__*,,,,,,**,,
.....#..#..#.e.#__,*,_*,,,,,,,,,,
##...#..#..###'#+###+##,,,,,,,,*,
###..##'#..#..........#,,,,,,,,,*
.##..###...'.⌠..@.....#,***∩***,*
##..####...#...######+#,*,,**,***
##..###....#.⌠.#__*,,,*+*********
#..÷##.....#...#__*,,,*,,≈≈≈+,*,+
....#......#+###__*,,,*,*≈≈≈*,*,*
..##.#.....#[):#__*,,,+,*,,,*,*,*
..#####....#___#__+,,,*,*,,,*,,,*
▓▓▓***▓▓▓▓▓▓▓▓▓▓*****************
≈,≈≈,≈,≈**,,,,,****≈≈≈,,,,,,,,≈≈≈


You could see a deep elf mage (burning).

Vanquished Creatures
  A water elemental (D)
  A wizard (D)
  Jessica (D)
  A human (D)
  A kobold demonologist (D)
  A wolf (D)
  An ooze (D)
  2 rats (D)
9 creatures vanquished.

Vanquished Creatures (others)
  2 draconian scorchers (D)
  6 hellions (D)
  A yaktaur (D)
9 creatures vanquished.

Grand Total: 18 creatures vanquished

Notes
Turn   | Place    | Note
-------+----------+-------------------------------------------
     0 | D        | Kidiri the Deep Elf Fire Elementalist began the quest for the Orb.
     0 | D        | Reached XP level 1. HP: 10/10 MP: 6/6
    57 | D        | Noticed Jessica
    73 | D        | Killed Jessica
    73 | D        | Reached skill level 1 in Fighting
    73 | D        | Reached skill level 1 in Armour
    73 | D        | Reached skill level 5 in Spellcasting
    73 | D        | Reached XP level 2. HP: 14/16 MP: 6/10
    73 | D        | Reached XP level 3. HP: 18/20 MP: 6/11
    77 | D        | Learned a level 2 spell: Throw Flame
    80 | D        | Killed a hellion
    81 | D        | Learned a level 3 spell: Conjure Flame
    85 | D        | Learned a level 3 spell: Inner Flame
    94 | D        | Killed a hellion
   101 | D        | Killed a hellion
   150 | D        | Killed a hellion
   154 | D        | Killed a white draconian scorcher
   155 | D        | Killed a white draconian scorcher
   189 | D        | Killed a hellion
   202 | D        | Killed a hellion
   210 | D        | Killed a yaktaur
   227 | D        | Reached skill level 6 in Spellcasting
   247 | D        | Gained mutation: You have sharp fingernails. [potion of mutation]
   247 | D        | Gained mutation: You are dopey. (Int -2) [potion of mutation]
   247 | D        | Gained mutation: Your body sometimes deteriorates upon taking damage. [potion of mutation]
   247 | D        | Gained mutation: You are covered in fur. (AC +1) [potion of mutation]
   248 | D        | Lost mutation: You are dopey. (Int -2) [potion of mutation]
   248 | D        | Lost mutation: Your body sometimes deteriorates upon taking damage. [potion of mutation]
   248 | D        | Lost mutation: You have sharp fingernails. [potion of mutation]
   248 | D        | Lost mutation: You are covered in fur. (AC +1) [potion of mutation]
   248 | D        | Gained mutation: You evolve. [potion of mutation]
   248 | D        | Gained mutation: Armour fits poorly on your strangely shaped body. [potion of mutation]
   248 | D        | Gained mutation: You possess an exceptional clarity of mind. [potion of mutation]
   330 | D        | Noticed a water elemental
   333 | D        | Killed a water elemental
   333 | D        | Reached skill level 7 in Spellcasting
   333 | D        | Reached skill level 5 in Fire Magic
   333 | D        | Reached XP level 4. HP: 27/27 MP: 8/15
   340 | D        | Learned a level 4 spell: Sticky Flame
   381 | D        | Found a radiant altar of Vehumet.
   382 | D        | Found a deep blue altar of Sif Muna.
   382 | D        | Found an ancient bone altar of Kikubaaqudgha.
   382 | D        | Noticed a wizard
   384 | D        | Killed a wizard
   384 | D        | Reached skill level 5 in Dodging
   384 | D        | Reached XP level 5. HP: 30/32 MP: 7/17
   385 | D        | Reached skill level 8 in Spellcasting
   397 | D        | Became a worshipper of Vehumet
   404 | D        | Learned a level 5 spell: Fireball
   467 | D        | Found a glowing silver altar of Zin.
   468 | D        | Found a glowing golden altar of the Shining One.
   468 | D        | Found a white marble altar of Elyvilon.
   468 | D        | Noticed a deep elf mage
   469 | D        | Collided with a stone wall

Vault maps used:
D:        dungeon_sprint_mu

Skill      XL: |  1  2  3  4  5 |
---------------+----------------+-----
Fighting       | 1 2 3 |  3.0
Armour         | 1 2 3 |  3.1
Dodging        | 3 4 5 |  5.3
Spellcasting   | 5 7 8 |  8.0
Conjurations   | 2 4 |  4.4
Fire Magic     | 4 5 |  5.4
Stealth        | |  2.4

Action                   |  1- 3 |  4- 6 || total
-------------------------+-------+-------++-------
Melee: Unarmed           |     1 |       ||     1
 Cast: Flame Tongue      |    26 |     1 ||    27
       Conjure Flame     |     1 |       ||     1
       Throw Flame       |     1 |       ||     1
       Sticky Flame      |       |     3 ||     3
  Use: Potion            |     5 |       ||     5
       Scroll            |     4 |       ||     4
Dodge: Dodged            |    12 |     1 ||    13
